 Dungeon Crawl Stone Soup version 0.28.0-43-g3370ac3207 (webtiles) character file.

Game seed: 3268344514827241467

200 adizb the Ruffian (level 5, 0/53 HPs)
             Began as a Troll Monk on Mar 22, 2022.
             Slain by a quokka (1 damage)
             ... summoned by Eustachio
             ... on level 4 of the Dungeon.
             The game lasted 00:09:49 (2902 turns).

adizb the Ruffian (Troll Monk)                      Turns: 2902, Time: 00:09:49

Health: 0/53       AC:  4    Str: 21    XL:     5   Next: 49%
Magic:  5/5        EV: 10    Int:  6    God:
Gold:   141        SH:  0    Dex: 12    Spells: 4/4 levels left

rFire   . . .      SeeInvis .     - Unarmed
rCold   . . .      Faith    .   (no shield)
rNeg    . . .      Spirit   .   a - +0 robe
rPois   .          Reflect  .   (helmet restricted)
rElec   .          Harm     .   (no cloak)
rCorr   .          Rampage  .   (gloves unavailable)
Will    .....                   (boots unavailable)
Stlth   ++........              (no amulet)
HPRegen 0.97/turn               (no ring)
MPRegen 0.09/turn               (no ring)

@: no status effects
A: large, unfitting armour, claws 3, regeneration 1, shaggy fur 1, tough skin 1
a: no special abilities


You were on level 4 of the Dungeon.
You visited 1 branch of the dungeon, and saw 4 of its levels.

You collected 141 gold pieces.

Inventory:

Hand Weapons
 f - a +3 spear of venom
Armour
 a - a +0 robe (worn)
Scrolls
 c - 5 scrolls of teleportation {unknown}
 e - 2 scrolls of amnesia
 g - a scroll of magic mapping
 h - a scroll of noise {unknown}
Potions
 b - a potion of heal wounds
 d - a potion of curing {unknown}


   Skills:
 + Level 3.0 Fighting
 + Level 1.4 Armour
 + Level 3.0 Dodging
 - Level 1.0 Stealth
 * Level 4.4 Unarmed Combat
 + Level 1.7 Invocations


You had 4 spell levels left.
You didn't know any spells.
Your spell library contained the following spells:

 Spells                   Type           Power      Damage    Failure   Level
 Inner Flame              Hex/Fire       0%         N/A       83%         3
 Cause Fear               Hex            0%         N/A       99%         4
 Discord                  Hex            0%         N/A       100%        8


Dungeon Overview and Level Annotations

Branches:
Dungeon (4/15)
 Temple: D:4-7

Altars:

Shops:
D:1 *   D:3 !

Annotations:
D:4 Eustachio


Innate Abilities, Weirdness & Mutations

You are too large for most types of armour.
You have claws for hands.
Your natural rate of healing is unusually fast.
You are covered in fur. (AC +1)
You have tough skin. (AC +1)


Message History

Eustachio is heavily wounded.
Eustachio hits you with a +1 falchion of freezing!
Eustachio freezes you.
You scratch Eustachio.
Eustachio is heavily wounded.
Eustachio screams, "Hey, you killed my favourite bat!"
Eustachio hits you with a +1 falchion of freezing!
Eustachio freezes you.
You scratch Eustachio but do no damage.
Eustachio is heavily wounded.
Eustachio hits you with a +1 falchion of freezing.
Eustachio freezes you.
You are too injured to fight recklessly!
You are too injured to fight recklessly!
You are too injured to fight recklessly!
You closely miss Eustachio.
Eustachio is heavily wounded.
Eustachio barely misses you.
You scratch Eustachio but do no damage.
Eustachio is heavily wounded.
Eustachio hits you with a +1 falchion of freezing!
Eustachio freezes you.
You claw Eustachio!
Eustachio is almost dead.
Eustachio gestures wildly while chanting.
You closely miss Eustachio.
Eustachio is almost dead.
Eustachio casts a spell.
You barely miss Eustachio.
Eustachio is almost dead.
The shadow imp hits you. The white imp gestures at you.
The puff of frost hits you!
* * * LOW HITPOINT WARNING * * *
Eustachio hits you with a +1 falchion of freezing!
* * * LOW HITPOINT WARNING * * *
Eustachio freezes you.
* * * LOW HITPOINT WARNING * * *
The quokka bites you.
You die...

#.#.......#....#
#.##...........###
#..'.............#
####.........# #.#
#.........# #.#
####.........# #r#
.............# #.#
###..........# #@#
#.#####'##.###@#######
#.#.....##.##55r.....#
#.#.######.#.........# #
#.#...# #.#.........# #
#.###.####'#.........# #
#.#..................######
###.#.#.#.......>............
#.....#.#..............#####.
#.###.#.#......######.##


You could see Eustachio, a white imp (summoned), a shadow imp (summoned) and 2
quokkas.

Vanquished Creatures
  A scorpion (D:3)
  An orc wizard (D:3)
  4 adders
  3 worms
  2 dart slugs
  11 orcs
  2 endoplasms (D:1)
  2 giant cockroaches
  7 goblins
  5 hobgoblins
  4 jackals (D:1)
  7 kobolds
  A quokka (D:3)
  4 ball pythons
  A bat (D:3)
  2 frilled lizards
  2 rats (D:3)
59 creatures vanquished.

Vanquished Creatures (others)
  5 plants
5 creatures vanquished.

Grand Total: 64 creatures vanquished

Notes
Turn   | Place    | Note
-------+----------+-------------------------------------------
     0 | D:1      | adizb the Troll Monk began the quest for the Orb.
     0 | D:1      | Reached XP level 1. HP: 22/22 MP: 0/0
   402 | D:1      | Reached XP level 2. HP: 29/29 MP: 1/1
   557 | D:1      | Found Covy's General Store.
   776 | D:1      | Found a faded altar of an unknown god.
   953 | D:2      | Reached XP level 3. HP: 36/36 MP: 2/2
  1130 | D:2      | Reached skill level 1 in Invocations
  1632 | D:3      | Found Pehoce's Distillery.
  1787 | D:3      | Reached XP level 4. HP: 44/44 MP: 3/3
  1815 | D:3      | Reached skill level 1 in Armour
  1883 | D:3      | Reached skill level 4 in Unarmed Combat
  1989 | D:3      | Noticed a scorpion
  1999 | D:3      | Killed a scorpion
  2000 | D:3      | Reached XP level 5. HP: 30/53 MP: 5/5
  2893 | D:4      | Noticed Eustachio
  2902 | D:4      | HP: 1/53 [Eustachio/+1 falchion of freezing (2)]
  2902 | D:4      | Slain by a quokka

Illustrated notes

Levels and vault maps discovered:
D:1:      wheals_arrival_linesprint, layout_loops_corners,
          shapermc_ecumenical_altar_acropolis, serial_shops,
          nicolae_shop_crystal
D:2:      layout_basic, serial_bayou_ford_a, grunt_decor_arrowhead
D:3:      layout_basic, serial_shops, nicolae_shop_window_shopping,
          kennysheep_generic_room_13
D:4:      layout_basic, minmay_cut_off, uniq_eustachio

Skill      XL: |  1  2  3  4 |
---------------+-------------+-----
Invocations    | 1 |  1.7
Armour         | 1 |  1.4
Unarmed Combat | 4 |  4.4
Fighting       | 3 |  3.0
Dodging        | 3 |  3.0
Stealth        | |  1.0

Action                   |  1- 3 |  4- 6 || total
-------------------------+-------+-------++-------
Melee: Unarmed           |   105 |    69 ||   174
       Punch             |     1 |     1 ||     2
       Spear             |       |     5 ||     5
  Use: Scroll            |     3 |       ||     3
 Stab: Sleeping          |     2 |     1 ||     3
Armor: Robe              |    20 |    15 ||    35
Dodge: Dodged            |    50 |    23 ||    73
